 Dungeon Crawl Stone Soup version 0.30-a0-1112-gfb780f5df6 (webtiles) character file.

Game seed: 9527323626768249470

43 voltaire321 the Covered (level 3, -1/25 (33) HPs)
             Began as a Minotaur Fighter on Apr 19, 2023.
             Slain by Robin
             ... wielding a +3 short sword of draining
              (3 damage)
             ... on level 2 of the Dungeon.
             The game lasted 00:01:36 (872 turns).

voltaire321 the Covered (Minotaur Fighter)           Turns: 872, Time: 00:01:36

HP:   -1/25 (33)    AC:  7    Str: 22    XL:     3   Next: 37%
MP:   2/2           EV:  6    Int:  5    God:
Gold: 77            SH: 11    Dex:  9    Spells: 2/2 levels left

rFire   . . .      SeeInvis .    a - +0 war axe
rCold   . . .      Faith    .    h - +0 tower shield
rNeg    . . .      Spirit   .    b - +0 scale mail
rPois   .          Reflect  .    (helmet restricted)
rElec   .          Rampage  .    (no cloak)
rCorr   .                        (no gloves)
Will    .....                    (no boots) Stlth
                                 (no amulet)
HPRegen 0.24/turn                (no ring)
MPRegen 0.08/turn                (no ring)

@: heavily drained
A: horns 2, retaliatory headbutt
a: no special abilities


You were on level 2 of the Dungeon.
You visited 1 branch of the dungeon, and saw 2 of its levels.

You collected 77 gold pieces.

Inventory:

Hand Weapons
 a - a +0 war axe (weapon)
Missiles
 f - 3 poisoned darts (quivered)
Armour
 b - a +0 scale mail (worn)
 h - a +0 tower shield (worn)
Jewellery
 e - a +6 ring of intelligence
 i - a ring of poison resistance
Scrolls
 c - a scroll of blinking {unknown}
 j - a scroll of noise {unknown}
 k - a scroll of fog {unknown}
 m - a scroll of teleportation {unknown}
Potions
 d - a potion of might
 g - a potion of curing {unknown}
 l - a potion of attraction {unknown}


   Skills:
 + Level 4.0 Fighting
 + Level 3.0 Axes
 + Level 4.0 Armour
 + Level 1.2 Dodging
 + Level 4.0 Shields


You had 2 spell levels left.
You didn't know any spells.
Your spell library was empty.

Dungeon Overview and Level Annotations

Branches:
Dungeon (2/15)

Altars:

Annotations:
D:2 Robin


Innate Abilities, Weirdness & Mutations

You have a pair of horns on your head.
You reflexively headbutt those who attack you in melee.


Message History

You block the jackal's attack. Something completely misses you.
The jackal bites you but does no damage.
The jackal barely misses you. You furiously retaliate!
You headbutt the jackal. You barely miss the jackal.
Your headbutt misses the jackal.
The jackal is almost dead.
You hit the jackal. x2
You kill the jackal!
You barely miss something. You block the jackal's attack. x2
Something hits you.
You feel drained.
The jackal bites you but does no damage.
You block the jackal's attack. Something hits you.
You feel drained.
You barely miss the jackal.
The jackal is almost dead.
You barely miss the jackal. You hit something.
The jackal bites you but does no damage.
You block the jackal's attack. The jackal barely misses you.
You furiously retaliate!
You headbutt the jackal.
The jackal bites you but does no damage.
Something hits you but does no damage.
You feel drained. The jackal barely misses you. You furiously retaliate!
You headbutt the jackal!
You kill the jackal!
Your Axes skill increases to level 3!
You closely miss the jackal.
The jackal is almost dead.
You hit the adder. You hit something.
The jackal bites you but does no damage.
Something hits you but does no damage.
You feel drained. The adder bites you but does no damage.
You block the jackal's attack. Something hits you!
* * * LOW HITPOINT WARNING * * *
You feel drained.
* * * LOW HITPOINT WARNING * * *
You block the adder's attack. The jackal barely misses you.
You furiously retaliate!
You headbutt the jackal.
You kill the jackal!
You barely miss the adder. Your headbutt misses the adder.
The adder is lightly wounded.
You hit something but do no damage. You block the adder's attack.
Something hits you.
You die...

#########
#....<..#
#.###)#+###
#...)@)...#
#####S{...#
#.....#
#.....#
#.....#
#.....#
.....[.
..#.###.


You could see an adder.

Vanquished Creatures
  3 ball pythons (D:1)
  3 endoplasms
  6 hobgoblins
  3 jackals (D:2)
  A quokka (D:1)
  2 frilled lizards (D:1)
  10 goblins
  3 kobolds (D:1)
  5 rats (D:1)
36 creatures vanquished.

Notes
Turn   | Place    | Note
-------+----------+-------------------------------------------
     0 | D:1      | voltaire321 the Minotaur Fighter began the quest for the
                  | Orb.
     0 | D:1      | Reached XP level 1. HP: 19/19 MP: 0/0
   229 | D:1      | Reached XP level 2. HP: 14/27 MP: 1/1
   637 | D:1      | Reached skill level 1 in Dodging
   859 | D:2      | Noticed Robin
   866 | D:2      | Reached XP level 3. HP: 26/33 MP: 2/2
   871 | D:2      | HP: 1/25 [something (2)]
   872 | D:2      | Slain by Robin

Illustrated notes

Levels and vault maps discovered:
D:1:      evilmike_arrival_plus, layout_loops_corners
D:2:      layout_basic, hellmonk_ecumenical_altar_inner_sanctum, minmay_unequal,
          uniq_terence, uniq_robin

Skill      XL: |  1  2  3 |
---------------+----------+-----
Dodging        | 1 |  1.2
Armour         | 4 |  4.0
Fighting       | 4 |  4.0
Shields        | 4 |  4.0
Axes           | 3 |  3.0

Action                     || total
---------------------------++-------
  Melee: War axe           ||    49
         Headbutt          ||     5
 Armour: Scale mail        ||    35
  Dodge: Dodged            ||    18
  Block: Tower shield      ||    41
         Buckler           ||     3

Table legend: (Time is in decaauts)
 A = Elapsed time spent in this place.
 B = Non-inter-level travel time spent in this place.
 C = Inter-level travel time spent in this place.
 D = Time resting spent in this place.
 E = Time spent auto-exploring this place.
 F = Levels seen in this place.
 G = Mean time per level.
                   A        B        C        D        E       F      G
               +--------+--------+--------+--------+--------+-----+--------+
         Total |    906 |    897 |      9 |      0 |    704 |   2 |  453.0 |
       Dungeon |    906 |    897 |      9 |      0 |    704 |   2 |  453.0 |
               +--------+--------+--------+--------+--------+-----+--------+

Top non-repeatable levels by time:
     D:1: 886 daAuts
     D:2: 20 daAuts
